 Dungeon Crawl Stone Soup version 0.30-a0-883-g5ad918d77d (webtiles) character file.

Game seed: 14987291308777922395

19 Pimp the Grasshopper (level 2, 0/25 HPs)
             Began as an Armataur Warper on Mar 16, 2023.
             Slain by a giant cockroach (2 damage)
             ... on level 1 of the Dungeon.
             The game lasted 00:01:51 (296 turns).

Pimp the Grasshopper (Armataur Warper)               Turns: 296, Time: 00:01:51

Health: 0/25       AC:  4    Str: 16    XL:     2   Next: 55%
Magic:  4/4        EV:  9    Int: 13    God:
Gold:   34         SH:  0    Dex:  9    Spells: 4/4 levels left

rFire   . . .      SeeInvis .    a - +0 falchion
rCold   . . .      Faith    .    (no shield)
rNeg    . . .      Spirit   .    b - +0 leather armour
rPois   .          Reflect  .    (no helmet)
rElec   .          Roll     +    (no cloak)
rCorr   .                        (no gloves)
Will    .....                    (no barding)
Stlth   +                        (no amulet)
HPRegen 0.24/turn                (no ring)
MPRegen 0.09/turn                (no ring)

@: no status effects
A: large, rugged brown scales 3, deformed body, armoured tail, roll, long
tongue, awkward tongue
a: no special abilities


You were on level 1 of the Dungeon.
You visited 1 branch of the dungeon, and saw 1 of its levels.

You collected 34 gold pieces.

Inventory:

Hand Weapons
 a - a +0 falchion (weapon)
Missiles
 d - 7 boomerangs of dispersal (quivered)
Armour
 b - a +0 leather armour (worn)
 e - a +0 helmet


   Skills:
 + Level 2.0 Fighting
 + Level 2.0 Long Blades
 + Level 1.1 Throwing
 + Level 1.5 Armour
 + Level 1.5 Dodging
 + Level 1.9 Spellcasting
 + Level 3.1 Translocations


You had 4 spell levels left.
You didn't know any spells.
Your spell library contained the following spells:

 Spells                   Type           Power      Damage    Failure   Level
 Blink                    Tloc           18%        N/A       13%         2
 Lesser Beckoning         Tloc           18%        N/A       13%         2
 Teleport Other           Tloc           9%         N/A       26%         3
 Vhi's Electric Charge    Tloc/Air       10%        N/A       45%         3
 Manifold Assault         Tloc           9%         N/A       65%         4


Dungeon Overview and Level Annotations

Branches:
Dungeon (1/15)

Altars:

Shops:
D:1 !


Innate Abilities, Weirdness & Mutations

You are completely covered in rugged brown scales. (AC +3, +7% HP)
Armour fits poorly on your strangely shaped body.
You have a long armoured tail.
You roll when moving toward enemies. (Rampage)
Your long tongue fully drains potion bottles. (2x potion effects)
Your tongue gives you trouble enunciating. (1.5x scroll delay)


Message History

A frilled lizard comes into view.
The frilled lizard hisses angrily.
You see here a +0 helmet.
e - a +0 helmet A giant cockroach comes into view.
You roll towards the gnoll!
The gnoll hits you with a +0 club.
You closely miss the gnoll. You tail-slap the gnoll!
The gnoll is severely wounded.
The gnoll hits you but does no damage.
You hit the frilled lizard.
Your tail-slap misses the frilled lizard.
The frilled lizard is heavily wounded.
The frilled lizard barely misses you. The gnoll hits you with a +0 club!
* * * LOW HITPOINT WARNING * * *
The frilled lizard closely misses you. The gnoll hits you with a +0 club.
* * * LOW HITPOINT WARNING * * *
The giant cockroach bites you.
* * * LOW HITPOINT WARNING * * *
The giant cockroach bites you but does no damage.
You aren't carrying any potions.
The frilled lizard attacks as you move away!
The frilled lizard barely misses you.
You aren't carrying any potions.
Okay, then.
Blink to where?
Press: ? - help, Dir - move target As you slowly read the scroll of blinking, it crumbles to dust.
The giant cockroach waves its antennae.
The giant cockroach bites you but does no damage.
The giant cockroach bites you.
* * * LOW HITPOINT WARNING * * *
You barely miss the giant cockroach. The giant cockroach bites you.
* * * LOW HITPOINT WARNING * * *
The frilled lizard barely misses you.
You hit the giant cockroach but do no damage.
The giant cockroach barely misses you. The frilled lizard bites you.
* * * LOW HITPOINT WARNING * * *
The giant cockroach waves its antennae.
The giant cockroach bites you.
You die...

#..l............#### #
#.......####.......# #
#.......# #...†...# #
#####)### #..†....# # #).##
#.......+ ##..####.......#
###########............#
#...........l..........#######
#..........gB@................
#......................####.##
#......................####.#.
#...........####.......#...)..
#...........# #.......#.#.##.
#...........# ######### #....
#(..........# #.#####
..............# #......
.......##........ #######


You could see a gnoll, a giant cockroach and a frilled lizard.

Vanquished Creatures
  2 endoplasms (D:1)
  A giant cockroach (D:1)
  3 hobgoblins (D:1)
  A jackal (D:1)
  A quokka (D:1)
  2 ball pythons (D:1)
  A bat (D:1)
  A frilled lizard (D:1)
  4 kobolds (D:1)
  2 rats (D:1)
18 creatures vanquished.

Notes
Turn   | Place    | Note
-------+----------+-------------------------------------------
     0 | D:1      | Pimp the Armataur Warper began the quest for the Orb.
     0 | D:1      | Reached XP level 1. HP: 18/18 MP: 3/3
    92 | D:1      | Reached skill level 1 in Throwing
   169 | D:1      | Reached XP level 2. HP: 25/25 MP: 4/4
   235 | D:1      | Found Pisoeti's Distillery.
   296 | D:1      | Slain by a giant cockroach

Illustrated notes

Levels and vault maps discovered:
D:1:      dpeg_arrival_brainrot, layout_basic, serial_shops, nicolae_square_shop

Skill      XL: |  1  2 |
---------------+-------+-----
Throwing       | 1 |  1.1
Long Blades    | 2 |  2.0
Fighting       | 2 |  2.0
Armour         | |  1.5
Dodging        | |  1.5
Spellcasting   | |  1.9
Translocations | |  3.1

Action                     || total
---------------------------++-------
  Melee: Falchion          ||    85
         Tailslap          ||     7
    Use: Scroll            ||     1
 Armour: Leather armour    ||    45
  Dodge: Dodged            ||    65

Table legend: (Time is in decaauts)
 A = Elapsed time spent in this place.
 B = Non-inter-level travel time spent in this place.
 C = Inter-level travel time spent in this place.
 D = Time resting spent in this place.
 E = Time spent auto-exploring this place.
 F = Levels seen in this place.
 G = Mean time per level.
                   A        B        C        D        E       F      G
               +--------+--------+--------+--------+--------+-----+--------+
         Total |    313 |    313 |      0 |      0 |    120 |   1 |  313.0 |
       Dungeon |    313 |    313 |      0 |      0 |    120 |   1 |  313.0 |
               +--------+--------+--------+--------+--------+-----+--------+

Top non-repeatable levels by time:
     D:1: 313 daAuts
